 Dungeon Crawl Stone Soup version 0.17.1-3-g152610e (webtiles) character file.

382 dobroeutro the Shield-Bearer (level 6, 0/38 HPs)
             Began as a Gargoyle Fighter on Apr 23, 2016.
             Slain by dobroeutro's ghost (6 damage)
             ... on level 4 of the Dungeon.
             The game lasted 00:04:56 (2096 turns).

dobroeutro the Shield-Bearer (Gargoyle Fighter)     Turns: 2096, Time: 00:04:56

Health: 0/38       AC: 12    Str: 26    XL:     6   Next: 76%
Magic:  6/6        EV:  8    Int:  9    God:
Gold:   53         SH: 10    Dex:  9    Spells: 0 memorised, 5 levels left

rFire  . . .     SeeInvis .     k - +1 spear (venom)
rCold  . . .     Clarity  .     b - +0 scale mail
rNeg   + . .     SustAt   .     c - +0 shield
rPois  ∞         Gourm    .     (no helmet)
rElec  +         Spirit   .     (no cloak)
rCorr  .         Warding  .     (no gloves)
rMut   .         Rnd*Tele +     q - +0 pair of boots
MR     .....                    (no amulet)
Stlth  ..........               (no ring)
                                p - ring of teleportation

@: mighty, not resistant to hostile enchantments, extremely unstealthy
A: negative energy resistance 1, electricity resistance, unbreathing,
petrification resistance, rot immunity, AC +4
a: Evoke Teleportation


You were on level 4 of the Dungeon.
You were hungry.

You visited 1 branch of the dungeon, and saw 7 of its levels.

You collected 118 gold pieces.
You spent 65 gold pieces at shops.

Inventory:

Hand Weapons
 g - a +1 mace of protection
 k - a +1 spear of venom (weapon)
Armour
 b - a +0 scale mail (worn)
 c - a +0 shield (worn)
 q - a +0 pair of boots (worn)
Jewellery
 p - a ring of teleportation (left hand)
Wands
 r - a wand of digging (20)
 u - a wand of teleportation (2)
 v - a wand of polymorph (8)
Scrolls
 h - 2 scrolls of teleportation
 l - a scroll of magic mapping {unknown}
 n - a scroll of remove curse
 t - a scroll of random uselessness
 x - a scroll of recharging
 y - a scroll of amnesia {unknown}
Potions
 a - a potion of agility {unknown}
 d - a potion of might
 f - a potion of ambrosia
 i - 3 potions of curing
 j - a potion of invisibility {unknown}
 o - a potion of magic {unknown}
 z - a potion of heal wounds
Comestibles
 e - a bread ration
 m - a slice of pizza
 s - a fruit
 w - a meat ration
 A - a beef jerky


   Skills:
 + Level 4.2 Fighting
 + Level 2.6 Maces & Flails
 - Level 2.0 Polearms
 + Level 4.4 Armour
 - Level 2.0 Dodging
 - Level 1.0 Stealth
 + Level 4.9 Shields


You had 5 spell levels left.
You didn't know any spells.

Dungeon Overview and Level Annotations

Branches:
Dungeon (7/15)
 Temple: D:4-7

Altars:
Elyvilon
Gozag
Qazlal

Shops:
D:4 !

Annotations:
D:4 dobroeutro's ghost, amateur GrFi


Innate Abilities, Weirdness & Mutations

You are resistant to torment.
Your stone body is resilient (AC +4).
You are immune to poison.
You resist negative energy.
You are resistant to electric shocks.
You can survive without breathing.
You are immune to petrification.
You are immune to rotting.


Message History

You are too injured to fight recklessly!
You are too injured to fight recklessly!
You hit dobroeutro's ghost but do no damage.
Dobroeutro's ghost is moderately damaged.
Dobroeutro's ghost hits you but does no damage.
You puncture dobroeutro's ghost!
Dobroeutro's ghost is heavily damaged.
Dobroeutro's ghost hits you but does no damage.
You closely miss dobroeutro's ghost.
Dobroeutro's ghost is heavily damaged.
Dobroeutro's ghost hits you.
* * * LOW HITPOINT WARNING * * *
You puncture dobroeutro's ghost!
Dobroeutro's ghost is almost destroyed.
Dobroeutro's ghost hits you.
* * * LOW HITPOINT WARNING * * *
You hit dobroeutro's ghost but do no damage.
Dobroeutro's ghost is almost destroyed.
Dobroeutro's ghost hits you.
You die...

## ### ##.. ..#
##...###.# E#...#E#.#
##...###.# ##
......W@.########### #.
..._.......#...##..## ##
...............'....# #
##...###.......#....# #
E#...#E#.......#....# #
##...###.......#...#####
#### ##.#######'###..#
#..#..###.####.##..##...
.............#......'...


You could see an earth elemental, a water elemental, a fire elemental, an air
elemental and dobroeutro's ghost.

Vanquished Creatures
  An ice beast (D:6)
  A crimson imp (D:5)
  A hound (D:4)
  A jelly (D:7)
  4 worker ants
  3 adders
  A gnoll (D:1)
  An ooze (D:2)
  4 worms
  3 giant geckos
  6 orcs
  2 giant cockroaches
  12 goblins
  2 hobgoblins (D:1)
  3 jackals (D:1)
  3 kobolds
  3 ball pythons
  6 bats
  3 giant newts (D:1)
  11 rats
71 creatures vanquished.

Notes
Turn   | Place    | Note
--------------------------------------------------------------
     0 | D:1      | dobroeutro the Gargoyle Fighter began the quest for the Orb.
     0 | D:1      | Reached XP level 1. HP: 14/14 MP: 1/1
   138 | D:1      | Reached XP level 2. HP: 8/19 MP: 2/2
   275 | D:1      | Reached XP level 3. HP: 14/23 MP: 3/3
   757 | D:2      | Reached skill level 4 in Shields
   922 | D:2      | Reached XP level 4. HP: 28/28 MP: 4/4
  1190 | D:2      | Reached skill level 1 in Dodging
  1208 | D:2      | You fall through a shaft for 2 floors!
  1276 | D:4      | Reached XP level 5. HP: 31/33 MP: 5/5
  1285 | D:4      | Reached skill level 1 in Polearms
  1443 | D:4      | Found Donudot's Distillery.
  1446 | D:4      | You fall through a shaft for 3 floors!
  1454 | D:7      | Noticed a sky beast
  1462 | D:7      | Reached skill level 1 in Stealth
  1472 | D:6      | Noticed an ice beast
  1482 | D:6      | Killed an ice beast
  1482 | D:6      | Reached XP level 6. HP: 11/38 MP: 6/6
  1507 | D:5      | Entered Level 5 of the Dungeon
  1576 | D:4      | Bought a potion of heal wounds for 65 gold pieces
  1589 | D:4      | Noticed dobroeutro's ghost (amateur GrFi)
  1822 | D:3      | You fall through a shaft!
  1919 | D:4      | Found an opulent altar of Gozag.
  1924 | D:4      | Found a white marble altar of Elyvilon.
  2065 | D:4      | Found a stormy altar of Qazlal.
  2067 | D:4      | Noticed an earth elemental
  2068 | D:4      | Noticed an air elemental
  2068 | D:4      | Noticed a fire elemental
  2068 | D:4      | Noticed a water elemental
  2096 | D:4      | Slain by dobroeutro's ghost

Action                   |  1- 3 |  4- 6 || total
-------------------------+-------+-------++-------
Melee: Flail             |    39 |       ||    39
       Spear             |    95 |   169 ||   264
  Use: Scroll            |       |     6 ||     6
       Potion            |       |     1 ||     1
  Eat: Chunk             |       |     2 ||     2
       Pizza             |       |     1 ||     1
